 Dungeon Crawl Stone Soup version 0.15-a0-429-gf5d7e11 (webtiles) character file.

83 4tharraofdagon the Skirmisher (level 3, 2/22 HPs)
             Began as a Kobold Wanderer on May 6, 2014.
             Quit the game on Level 4 of the Dungeon.
             The game lasted 00:03:27 (619 turns).

4tharraofdagon the Skirmisher (Kobold Wanderer)      Turns: 619, Time: 00:03:27

HP   2/22        AC 12     Str 11      XL: 3   Next: 15%
MP   3/3         EV  3     Int 11      God:
Gold 59          SH  0     Dex 14      Spells:  0 memorised,  3 levels left

rFire  . . .     SeeInvis .     m - +0 club (chaos)
rCold  + . .     Clarity  .     p - +2 plate armour {rC+}
rNeg   . . .     Conserve .     (no shield)
rPois  .         rCorr    .     (no helmet)
rElec  .         rRot     .     (no cloak)
SustAb . .       Spirit   .     (no gloves)
rMut   .         Warding  .     (no boots)
Saprov + + .     Stasis   .     l - amulet of faith
MR     .....                    (no ring)
                                (no ring)

@: lethally poisoned, not resistant to hostile enchantments, extremely
unstealthy
A: disease resistance, carnivore 3, saprovore 2
a: no special abilities


You were on level 4 of the Dungeon.
You were very full.

You visited 1 branch of the dungeon, and saw 4 of its levels.

You collected 59 gold pieces.

Inventory:

Hand weapons
 e - a +0,+0 dagger
 m - a +0,+0 club of chaos (weapon)
Armour
 d - a +0 robe
 i - a +0 chain mail
 k - a +0 leather armour of magic resistance
 p - a +2 plate armour of cold resistance (worn)
Comestibles
 f - 2 meat rations
Scrolls
 b - 2 scrolls of fog {unknown}
 c - a scroll of teleportation
 g - a scroll of magic mapping {unknown}
 h - a scroll of enchant armour {unknown}
 j - a scroll of remove curse {unknown}
 n - a scroll of random uselessness {unknown}
 s - a scroll of identify {unknown}
Jewellery
 l - an amulet of faith (around neck)
Books
 a - a book of Changes

   Spells                             Type                      Level
   Beastly Appendage                  Transmutation                1
   Sticks to Snakes                   Transmutation                2
   Spider Form                        Transmutation/Poison         3
   Ice Form                           Ice/Transmutation            4
   Blade Hands                        Transmutation                5


   Skills:
 + Level 2.5 Fighting
   Level 2.4 Long Blades
 - Level 0.2 Dodging
 + Level 2.3 Stealth
   Level 1.0 Shields
 * Level 1.2 Unarmed Combat
 + Level 0.6 Spellcasting
   Level 1.0 Translocations
   Level 1.7 Transmutations


You had 3 spell levels left.
You didn't know any spells.

Dungeon Overview and Level Annotations

Branches:
Dungeon (4/15)
 Temple: D:4-7

Altars:
Xom


Innate Abilities, Weirdness & Mutations

You recuperate from illness quickly.
You are small and have problems with some larger weapons.
You are carnivorous and can eat meat at any time.
You can eat rotten meat.


Message History

It was a potion of poison.
You feel sick. The hound bites you but does no damage.
Your plate armour prevents you from hitting the hound.
You feel sick. The hound bites you but does no damage. The hound bites you.
You completely miss the hound.
You feel sick. The hound bites you but does no damage. The hound bites you.
You hit the hound but do no damage.
* * * LOW HITPOINT WARNING * * *
You feel sick. The hound bites you.
* * * LOW HITPOINT WARNING * * *
The hound bites you but does no damage.
You closely miss the hound.
* * * LOW HITPOINT WARNING * * *
You feel sick. The hound bites you but does no damage.
The hound bites you but does no damage.
You closely miss the hound.
* * * LOW HITPOINT WARNING * * *
You feel sick. The hound bites you but does no damage.
The hound bites you but does no damage.
Are you sure you want to abandon this character and quit the game? (Confirm with "yes".)

######...
#....!....#
#......!..#
#.........#
#.........#
#.........#
#@........#####
#h..............
#.........#
#.........#
#.........#
###.##.####
#.##.# #.##.#
#.##.#


You could see a hound.

Vanquished Creatures
  3 giant geckos
  An orc (D:2)
  A giant cockroach (D:3)
  2 hobgoblins
  2 bats (D:2)
  A giant newt (D:1)
  2 goblins
  4 kobolds
  A quokka (D:2)
  3 rats
20 creatures vanquished.

Notes
Turn   | Place    | Note
--------------------------------------------------------------
     0 | D:1      | 4tharraofdagon, the Kobold Wanderer, began the quest for the Orb.
     0 | D:1      | Reached XP level 1. HP: 12/12 MP: 1/1
   172 | D:2      | Reached XP level 2. HP: 15/18 MP: 2/2
   356 | D:2      | Reached skill level 1 in Unarmed Combat
   447 | D:2      | Found a shimmering altar of Xom.
   448 | D:2      | You fall through a shaft!
   519 | D:4      | Reached XP level 3. HP: 11/22 MP: 3/3
   619 | D:4      | Quit the game

Action                   || total
-------------------------++-------
Melee: Dagger            ||    77
       Unarmed           ||    22
       Club              ||    25
  Use: Potion            ||     7

Vault maps used:
D:1:      kilobyte_arrival_exit_the_forest
D:2:      tgw_xom, uniq_sigmund
D:3:      overflow_temple_1_default, minmay_box_of_dots
